 Dungeon Crawl Stone Soup version 0.28-a0-793-g31680bbd8b (webtiles) character file.

Game seed: 16828154555901637416

252 demibob the Ruffian (level 6, -3/51 HPs)
             Began as a Ghoul Monk on Nov 3, 2021.
             Slain by Eustachio (6 damage)
             ... on level 4 of the Dungeon on Nov 4, 2021.
             The game lasted 00:06:48 (3069 turns).

demibob the Ruffian (Ghoul Monk)                    Turns: 3069, Time: 00:06:49

Health: -3/51      AC:  3    Str: 15    XL:     6   Next: 13%
Magic:  5/5        EV: 12    Int:  5    God:
Gold:   144        SH:  0    Dex: 13    Spells: 5/5 levels left

rFire   . . .      SeeInvis .     - Unarmed
rCold   + . .      Faith    .   (no shield)
rNeg    + + +      Spirit   .   a - +1 robe
rPois   ∞          Reflect  .   (no helmet)
rElec   .          Harm     .   (no cloak)
rCorr   .          Rampage  .   (no gloves)
Will    .....                   (no boots)
Stlth   ++........              (no amulet)
HPRegen 0.00/turn               (no ring)
MPRegen 0.09/turn               (no ring)

@: inhibited regen
A: claws 1, cold resistance 1, negative energy resistance 3, inhibited
regeneration, torment resistance 2
a: no special abilities


You were on level 4 of the Dungeon.
You visited 1 branch of the dungeon, and saw 4 of its levels.

You collected 144 gold pieces.


Innate Abilities, Weirdness & Mutations

You thrive by killing the living.
You are immune to poison.
You have sharp fingernails.
Your flesh is cold resistant. (rC+)
You are immune to negative energy. (rN+++)
You do not regenerate when monsters are visible.
You are immune to unholy pain and torment.


   Skills:
 - Level 3.2 Fighting
 + Level 2.5 Short Blades
 - Level 2.6 Dodging
 - Level 2.1 Stealth
 + Level 6.4 Unarmed Combat


You had 5 spell levels left.
You didn't know any spells.
Your spell library contained the following spells:

 Spells                   Type           Power      Damage    Failure   Level
 Dispersal                Tloc           0%         N/A       100%        6
 Disjunction              Tloc           0%         N/A       100%        8

Inventory:

Hand Weapons
 g - a +0 dagger
Missiles
 d - a throwing net (quivered) {=f}
 e - 7 poisoned darts
Armour
 a - a +1 robe (worn)
Jewellery
 Z - a ring of wizardry
Scrolls
 c - a scroll of teleportation {@r2}
 f - a scroll of identify {@r1}
Potions
 b - 2 potions of lignification
 h - a potion of attraction

Dungeon Overview and Level Annotations

Branches:
Dungeon (4/15)
 Temple: D:4-7

Altars:
Qazlal

Shops:
D:1 ==?!(

Annotations:
D:2 Robin
D:3 1 runed translucent door, bande's ghost, amateur GrFi
D:4 Blork the orc; Eustachio

##...## .#
##.....## ###.
#####.......#
.......##.........
... ... +.........
#....# #......... #
#.#..#.###.......#
#.#.5..#.#
##.<...##
#.#@##.#.####+#..##
#.@r....... ++##
###......####+#.#
#.#.........#.#
#.#..#####..#.###
#.......##......##
###..##.##.......#
#..##..........#
#..............#


You could see Eustachio, a shadow imp (summoned) and a quokka (summoned).


Message History

Eustachio hits you with a +0 rapier. The shadow imp barely misses you.
You closely miss Eustachio.
Eustachio is severely wounded.
Eustachio hits you with a +0 rapier!
* * * LOW HITPOINT WARNING * * *
The quokka barely misses you.
The shadow imp hits you but does no damage.
Unknown command.
You claw Eustachio!
Eustachio is severely wounded.
The quokka bites you but does no damage.
Eustachio hits you with a +0 rapier!
* * * LOW HITPOINT WARNING * * *
Unknown command.
You scratch Eustachio.
Eustachio is almost dead.
The shadow imp closely misses you. The quokka bites you.
* * * LOW HITPOINT WARNING * * *
Eustachio hits you with a +0 rapier.
* * * LOW HITPOINT WARNING * * *
Unknown command.
Okay, then.
Okay, then.
You scratch Eustachio.
Eustachio is almost dead.
The shadow imp barely misses you. The quokka barely misses you.
You barely miss Eustachio.
Eustachio is almost dead.
Eustachio hits you with a +0 rapier.
You die...

Skill      XL: |  1  2  3  4  5 |
---------------+----------------+-----
Unarmed Combat | 4 5 6 |  6.4
Short Blades   | 1 2 |  2.5
Fighting       | |  3.2
Dodging        | |  2.6
Stealth        | |  2.1

Action                   |  1- 3 |  4- 6 || total
-------------------------+-------+-------++-------
Melee: Unarmed           |   102 |   115 ||   217
       Punch             |       |     3 ||     3
  Use: Scroll            |     3 |     4 ||     7
       Potion            |       |     1 ||     1
 Stab: Sleeping          |     2 |     1 ||     3
Armor: Robe              |    17 |    15 ||    32
Dodge: Dodged            |    58 |    58 ||   116

Levels and vault maps discovered:
D:1:      elethiomel_arrival_quiet, layout_basic, serial_shops,
          nicolae_lakefront_shop, shop,
          nicolae_shop_temple_entry_statues_fountains, nicolae_shop_stone,
          nicolae_shop_statue_plus, ebering_ecumenical_altar_petrified
D:2:      layout_loops_ring, basic_altar, uniq_robin, uniq_jessica
D:3:      layout_basic, gammafunk_ghost_grave, hangedman_decor_clover_reticule,
          uniq_terence
D:4:      layout_loops_corners, serial_shops, nicolae_take_the_stairs,
          kennysheep_mini, shop, nicolae_shop_crystal, serial_bayou,
          serial_bayou_pond_c, serial_bayou_crossing, serial_bayou_ford_a,
          serial_bayou_pond_c, minmay_misc_feat_chi, uniq_eustachio,
          uniq_menkaure, uniq_blork_the_orc

Notes
Turn   | Place    | Note
-------+----------+-------------------------------------------
     0 | D:1      | demibob the Ghoul Monk began the quest for the Orb.
     0 | D:1      | Reached XP level 1. HP: 19/19 MP: 0/0
    19 | D:1      | Found Niruts's Weapon Emporium.
    20 | D:1      | Found Foetugun's Magic Scroll Shoppe.
    42 | D:1      | Reached XP level 2. HP: 13/26 MP: 1/1
   205 | D:1      | Reached skill level 4 in Unarmed Combat
   358 | D:1      | Found Jobesmob's Distillery.
   573 | D:1      | Found a faded altar of an unknown god.
   631 | D:1      | Found Maqiuxti's Jewellery Shoppe.
   742 | D:1      | Reached XP level 3. HP: 30/31 MP: 2/2
   810 | D:1      | Found Heocari's Jewellery Shoppe.
  1126 | D:2      | Found a stormy altar of Qazlal.
  1380 | D:2      | Noticed Jessica
  1391 | D:2      | Killed Jessica
  1392 | D:2      | Reached skill level 5 in Unarmed Combat
  1392 | D:2      | Reached XP level 4. HP: 31/38 MP: 3/3
  1791 | D:2      | Reached skill level 1 in Short Blades
  1800 | D:2      | Noticed Robin
  2114 | D:3      | Noticed a scorpion
  2127 | D:3      | Killed a scorpion
  2128 | D:3      | Reached skill level 6 in Unarmed Combat
  2128 | D:3      | Reached XP level 5. HP: 37/45 MP: 4/4
  2224 | D:3      | Reached skill level 2 in Short Blades
  2293 | D:3      | Found a runed translucent door.
  2293 | D:3      | Noticed bande's ghost (amateur GrFi)
  2721 | D:3      | Noticed Terence
  2737 | D:3      | Killed Terence
  2738 | D:3      | Reached XP level 6. HP: 41/51 MP: 5/5
  2827 | D:4      | Noticed Blork the orc
  3052 | D:4      | Noticed Eustachio
  3067 | D:4      | HP: 3/51 [Eustachio (5)]
  3069 | D:4      | Slain by Eustachio

Vanquished Creatures
  A scorpion (D:3)
  A hound (D:3)
  Terence (D:3)
  Jessica (D:2)
  4 adders
  An ufetubus (D:2)
  A worm (D:2)
  A dart slug (D:1)
  4 orcs
  2 ball pythons (D:1)
  5 bats
  5 endoplasms
  3 giant cockroaches
  6 goblins
  3 hobgoblins
  4 jackals (D:1)
  5 quokkas
  8 kobolds
  3 rats
59 creatures vanquished.

Vanquished Creatures (others)
  3 plants (D:4)
3 creatures vanquished.

Grand Total: 62 creatures vanquished

Table legend: (Time is in decaauts)
 A = Elapsed time spent in this place.
 B = Non-inter-level travel time spent in this place.
 C = Inter-level travel time spent in this place.
 D = Time resting spent in this place.
 E = Time spent auto-exploring this place.
 F = Levels seen in this place.
 G = Mean time per level.
                   A        B        C        D        E       F      G
               +--------+--------+--------+--------+--------+-----+--------+
         Total |   3048 |   2969 |     79 |    405 |   2072 |   4 |  762.0 |
       Dungeon |   3048 |   2969 |     79 |    405 |   2072 |   4 |  762.0 |
               +--------+--------+--------+--------+--------+-----+--------+

Top non-repeatable levels by time:
     D:1: 1118 daAuts
     D:2: 948 daAuts
     D:3: 775 daAuts
     D:4: 205 daAuts

Table legend:
 A = Non-vault XP
 B = Vault XP
 C = Vault XP percentage of total XP
 D = Non-vault monster count
 E = Vault monster count
 F = Vault count percentage of total count
                 A         B        C        D         E       F
            +---------+---------+-------+---------+---------+-------
      Total |     283 |      77 |  21.4 |      56 |       3 |   5.1
            +---------+---------+-------+---------+---------+-------
        D:1 |      48 |       0 |   0.0 |      27 |       0 |   0.0
        D:2 |      75 |      39 |  34.2 |      17 |       2 |  10.5
        D:3 |     151 |      38 |  20.1 |       9 |       1 |  10.0
        D:4 |       9 |       0 |   0.0 |       3 |       0 |   0.0
            +---------+---------+-------+---------+---------+-------
